 Dungeon Crawl Stone Soup version 0.25-a0-565-g8875c97ebb (webtiles) character file.

Game seed: 6231302186563113513, levelgen mode: deterministic

1099 Gargoyl the Skirmisher (level 8, -14/71 HPs)
             Began as a Centaur Abyssal Knight on Feb 26, 2020.
             Was a Believer of Lugonu.
             Splashed by Pikel's acid (16 damage)
             ... on level 4 of the Dungeon.
             The game lasted 00:07:50 (5549 turns).

Gargoyl the Skirmisher (Centaur Abyssal Knight)     Turns: 5549, Time: 00:07:50

Health: -14/71     AC:  8    Str: 16    XL:     8   Next: 10%
Magic:  11/11      EV:  5    Int: 11    God:    Lugonu [**....]
Gold:   236        SH:  0    Dex: 10    Spells: 7/7 levels left

rFire    . . .     SeeInvis .   a - +2 hand axe
rCold    . . .     Gourm    .   (no shield)
rNeg     . . .     Faith    .   m - +0 chain mail
rPois    .         Spirit   .   (no helmet)
rElec    .         Reflect  .   (no cloak)
rCorr    .         Harm     .   (no gloves)
MR       .....                  (no barding)
Stlth    ..........             (no amulet)
HPRegen  0.21/turn              (no ring)
MPRegen  0.12/turn              (no ring)

@: very quick
A: large, hooves 3, deformed body, speed 2, tough skin 3
a: Depart the Abyss, Bend Space, Renounce Religion


You were on level 4 of the Dungeon.
You worshipped Lugonu.
Lugonu was pleased with you.
You were not hungry.

You visited 1 branch of the dungeon, and saw 5 of its levels.
You visited the Abyss 1 time.

You collected 236 gold pieces.

Inventory:

Hand Weapons
 a - a +2 hand axe (weapon)
 l - a +4 trident
Armour
 m - a +0 chain mail (worn)
Scrolls
 d - 3 scrolls of identify
Potions
 b - 2 potions of haste {unknown}
 e - a potion of heal wounds {unknown}
 f - a potion of mutation {unknown}
 g - 2 potions of ambrosia
 h - 3 potions of curing
 i - 2 potions of stabbing
Comestibles
 c - 8 rations


   Skills:
 + Level 6.4 Fighting
 + Level 4.4 Axes
 * Level 3.2 Armour
 * Level 2.2 Dodging
 * Level 4.1 Invocations


You had 7 spell levels left.
You didn't know any spells.
Your spell library was empty.

Dungeon Overview and Level Annotations

Branches:
Dungeon (5/15)
 Temple: D:4-7

Altars:
Cheibriados
Elyvilon
Gozag
Kikubaaqudgha
Wu Jian

Annotations:
D:4 Pikel


Innate Abilities, Weirdness & Mutations

You have hooves in place of feet.
Armour fits poorly on your strangely shaped body.
You cover ground very quickly.
You have extremely tough skin. (AC +3)


Message History

The slave is severely wounded.
The slave hits you.
You hit the slave. You kick the slave.
You kill the slave!
That felt strangely unrewarding.
You closely miss Pikel. You kick Pikel, but do no damage.
Pikel hits you but does no damage.
You miss Pikel. Pikel hits you but does no damage.
You hit Pikel.
Pikel is lightly wounded.
Pikel zaps a wand.
The bolt of acid hits you!
* * * LOW HITPOINT WARNING * * *
You are splashed with acid!
* * * LOW HITPOINT WARNING * * *
You barely miss Pikel.
Pikel is lightly wounded.
Pikel zaps a wand.
The bolt of acid hits you.
* * * LOW HITPOINT WARNING * * *
You are splashed with acid!
You die...

.##
#.#.#.###.##.....รท....#.#.###
..###.#.#.#
#..#.#'########.#.#
........######.#.#.# #.#.#
#.....#..........#.# ####'#.#
.....##.#######..#.#
###......###
#..#...............#
#...........
#..#..#.######...###
#.#......###
#..#..#.######.#.#
###.#......#
...............#@#
#....#######
#..............#K###....#
................p.......#
##....#.######.#.###....#
##...[#.# #...>#
#....######### ##....#.#
#..#####.............
##....#.#
#......+.............
##....#.#
#.######.............
......#.#####.# #.............


You could see Pikel and a slave.

Vanquished Creatures
  A slave (D:4)
  Purgy (D:4)
  A phantom (D:4)
  A bullfrog (D:2)
  2 scorpions (D:4)
  An orc priest (D:4)
  A centaur skeleton (D:4)
  Natasha (thrice) (D:2)
  An orc wizard (D:3)
  8 gnolls
  4 adders
  A river rat (D:3)
  A white imp (Abyss:2)
  2 oozes
  5 worms
  4 leopard geckos
  6 orcs
  4 ball pythons
  4 bats
  12 giant cockroaches
  7 goblins
  3 hobgoblins
  3 jackals (D:4)
  3 quokkas
  5 frilled lizards
  5 kobolds
  4 rats
93 creatures vanquished.

Vanquished Creatures (collateral kills)
  A glowing orange brain (Abyss:2)
  A small abomination (Abyss:2)
  A starcursed mass (Abyss:2)
3 creatures vanquished.

Vanquished Creatures (others)
  A spatial vortex (Abyss:2)
  A starcursed mass (Abyss:2)
  4 starspawn tentacles (Abyss:2)
  5 toadstools (D:1)
11 creatures vanquished.

Grand Total: 107 creatures vanquished

Notes
Turn   | Place    | Note
-------+----------+-------------------------------------------
     0 | Abyss:1  | Gargoyl the Centaur Abyssal Knight began the quest for the
                  | Orb.
     0 | Abyss:1  | Reached XP level 1. HP: 19/19 MP: 2/2
    69 | Abyss:2  | Noticed a glowing orange brain
    74 | Abyss:2  | Killed a glowing orange brain
    74 | Abyss:2  | Reached skill level 5 in Fighting
    74 | Abyss:2  | Reached XP level 2. HP: 29/29 MP: 4/4
    74 | Abyss:2  | Reached XP level 3. HP: 36/36 MP: 5/5
    74 | Abyss:2  | Reached XP level 4. HP: 42/42 MP: 6/6
    74 | Abyss:2  | Reached XP level 5. HP: 48/48 MP: 7/7
    81 | Abyss:2  | Noticed a small abomination
    83 | Abyss:2  | Noticed a starcursed mass
    84 | Abyss:2  | Killed a small abomination
    84 | Abyss:2  | Reached XP level 6. HP: 56/56 MP: 8/8
    85 | Abyss:2  | Paralysed by accursed screaming for 1 turns
    97 | Abyss:2  | Banished a starcursed mass
    98 | Abyss:2  | Killed a starcursed mass
   149 | Abyss:2  | Noticed a tentacled starspawn
   168 | Abyss:2  | Noticed a thrashing horror
   172 | Abyss:2  | Noticed a tentacled starspawn
   197 | Abyss:2  | Noticed a large abomination
   243 | Abyss:2  | Noticed a large abomination
   292 | Abyss:3  | Noticed an angel
   306 | Abyss:3  | Noticed a starcursed mass
   312 | Abyss:3  | Noticed a neqoxec
   314 | D:1      | Escaped the Abyss
   502 | D:1      | Reached * piety under Lugonu
   503 | D:1      | Reached skill level 1 in Dodging
   847 | D:1      | Reached skill level 6 in Fighting
  1322 | D:2      | Found a snail-covered altar of Cheibriados.
  1348 | D:2      | Found an ancient bone altar of Kikubaaqudgha.
  1503 | D:2      | Noticed Natasha
  1510 | D:2      | Killed Natasha
  1770 | D:2      | Noticed Natasha
  1779 | D:2      | Killed Natasha
  1779 | D:2      | Reached XP level 7. HP: 48/63 MP: 9/9
  1874 | D:2      | Noticed Natasha
  1883 | D:2      | Killed Natasha
  1883 | D:2      | Reached ** piety under Lugonu
  4524 | D:4      | Found an opulent altar of Gozag.
  4638 | D:4      | Found an ornate altar of the Wu Jian Council.
  4822 | D:4      | Reached XP level 8. HP: 25/71 MP: 11/11
  5164 | D:4      | Found a white marble altar of Elyvilon.
  5171 | D:4      | Noticed Purgy
  5190 | D:4      | Killed Purgy
  5529 | D:5      | Entered Level 5 of the Dungeon
  5529 | D:5      | Noticed Pikel
  5549 | D:4      | HP: 2/71 [Pikel/bolt of acid (6)]
  5549 | D:4      | Splashed by Pikel's acid

Levels and vault maps discovered:
D:1:      ldierk_walled_garden, layout_basic, minmay_worlds_worst_comb
D:2:      layout_basic, old_standard_altar, kiku_gazebo_pond_becter,
          minmay_misc_feat_nine_boxes, uniq_natasha
D:3:      layout_loops_ring, gup_sewer_entry_bubbles
D:4:      layout_basic, nicolae_overflow_crystal_walls, kennysheep_mini_moat,
          lemuel_crystal_altar, uniq_purgy
D:5:      layout_cave_pods, first_ration, serial_gnoll_camp,
          gnoll_camp_mini_shop, gnoll_camp_mini_basic, gnoll_camp_mini_doghouse,
          gnoll_camp_mini_shop, gnoll_camp_mini_basic, uniq_pikel

Skill      XL: |  1  2  3  4  5  6  7 |
---------------+----------------------+-----
Fighting       | 5 6 |  6.4
Axes           | 2 3 4 |  4.4
Armour         | 2 3 |  3.2
Invocations    | 3 4 |  4.1
Dodging        | 1 2 |  2.2

Action                   |  1- 3 |  4- 6 |  7- 9 || total
-------------------------+-------+-------+-------++-------
Melee: Hand axe          |       |   112 |   199 ||   311
       Kick              |       |    29 |    46 ||    75
Invok: Depart the Abyss  |       |     1 |       ||     1
       Bend Space        |       |       |     1 ||     1
  Use: Scroll            |     2 |     7 |     7 ||    16
  Eat: Chunk             |       |     2 |     7 ||     9
       Ration            |       |       |     1 ||     1
Armor: Leather armour    |       |    41 |    45 ||    86
       Chain mail        |       |       |    36 ||    36
Dodge: Dodged            |       |    56 |    93 ||   149

Table legend:
 A = Non-vault XP
 B = Vault XP
 C = Vault XP percentage of total XP
 D = Non-vault monster count
 E = Vault monster count
 F = Vault count percentage of total count
                 A         B        C        D         E       F
            +---------+---------+-------+---------+---------+-------
      Total |    1371 |     200 |  12.7 |      83 |      13 |  13.5
            +---------+---------+-------+---------+---------+-------
        D:1 |      31 |      12 |  27.9 |      11 |       6 |  35.3
        D:2 |     208 |      35 |  14.4 |      20 |       1 |   4.8
        D:3 |     210 |      23 |   9.9 |      31 |       5 |  13.9
        D:4 |     406 |     130 |  24.3 |      16 |       1 |   5.9
    Abyss:2 |     516 |       0 |   0.0 |       5 |       0 |   0.0
            +---------+---------+-------+---------+---------+-------
